 Dungeon Crawl Stone Soup version 0.25.0-46-gbd7b0854d2 (webtiles) character file.

Game seed: 7182916544262965805

10426 Ethylacetat the Zephyrmancer (level 11, 0/61 HPs)
             Began as an Octopode Air Elementalist on July 14, 2020.
             Was a Believer of Vehumet.
             Slain by a wraith (7 damage)
             ... on level 10 of the Dungeon.
             The game lasted 00:57:16 (13128 turns).

Ethylacetat the Zephyrmancer (OpAE)                Turns: 13128, Time: 00:57:17

Health: 0/61       AC:  1    Str:  9    XL:     11   Next: 61%
Magic:  18/23      EV: 14    Int: 21    God:    Vehumet [**....]
Gold:   627        SH:  5    Dex: 17    Spells: 16/26 levels left

rFire    . . .     SeeInvis +   t - +2 flail (holy)
rCold    + . .     Gourm    .   r - +0 buckler
rNeg     . . .     Faith    .   (helmet restricted)
rPois    .         Spirit   .   (no amulet)
rElec    +         Reflect  .   e - ring of stealth
rCorr    .         Harm     .   x - ring of Xobbimi {Wiz rElec rC+ SInv}
MR       .....                  (no ring)
Stlth    ++++......             (no ring)
HPRegen  0.20/turn              (no ring)
MPRegen  0.18/turn              (no ring)
                                (no ring)
                                (no ring)

@: no status effects
A: almost no armour, stealthy swim, amphibious, 8 rings, constrict 8, camouflage
1, agile 2, clever 1, gelatinous body 1
a: Renounce Religion


You were on level 10 of the Dungeon.
You worshipped Vehumet.
Vehumet was pleased with you.
You were not hungry.

You visited 2 branches of the dungeon, and saw 11 of its levels.

You collected 627 gold pieces.

Inventory:

Hand Weapons
 q - a +2 whip of venom
 t - a +2 flail of holy wrath (weapon)
Armour
 r - a +0 buckler (worn)
Jewellery
 e - a ring of stealth (left tentacle)
 x - the ring of Xobbimi (right tentacle) {Wiz rElec rC+ SInv}
   (You found it on level 5 of the Dungeon)

   [ring of wizardry]

   It improves your spell success rate.
   It protects you from cold.
   It insulates you from electricity.
   It lets you see invisible.
Wands
 j - a wand of disintegration (9)
 m - a wand of digging (5)
 p - a wand of acid (6)
Scrolls
 c - a scroll of fear {unknown}
 d - 4 scrolls of remove curse
 f - 2 scrolls of fog {unknown}
 g - a scroll of enchant armour {unknown}
 h - 9 scrolls of identify
 i - a scroll of blinking {unknown}
 k - 2 scrolls of enchant weapon {unknown}
 n - 7 scrolls of teleportation
 s - 3 scrolls of immolation {unknown}
 v - a scroll of torment {unknown}
Potions
 l - a potion of stabbing
 o - a potion of cancellation
 u - a potion of magic
 w - 2 potions of curing
 z - a potion of haste {unknown}
Comestibles
 b - 23 rations


   Skills:
 + Level 7.9 Maces & Flails
 - Level 2.0 Dodging
 - Level 2.6 Stealth
 - Level 4.0 Shields
 + Level 8.3 Spellcasting
 + Level 7.7 Conjurations
 * Level 12.4 Air Magic


You had 16 spell levels left.
You knew the following spells:

 Your Spells              Type           Power        Failure   Level  Hunger
a - Shock                 Conj/Air       ####         1%          1    None
b - Airstrike             Air            ######....   1%          4    ###....
c - Lightning Bolt        Conj/Air       ######....   1%          5    #####..

Your spell library contained the following spells:

 Spells                   Type           Power        Failure   Level  Hunger
 Ignite Poison            Fire/Tmut/Pois #.......     9%          3    None
 Poisonous Vapours        Pois/Air       ####..       1%          2    None
 Swiftness                Chrm/Air       ####....     1%          2    None
 Conjure Flame            Conj/Fire      ###.....     1%          3    None
 Mephitic Cloud           Conj/Pois/Air  #####...     1%          3    None
 Static Discharge         Conj/Air       ######..     1%          3    None
 Animate Skeleton         Necr           N/A          3%          1    None
 Apportation              Tloc           #.....       3%          1    None
 Corona                   Hex            #......      3%          1    None
 Summon Small Mammal      Summ           #...         3%          1    None
 Freezing Cloud           Conj/Ice/Air   #####.....   28%         6    ######.
 Ring of Flames           Chrm/Fire      #.........   100%        7    #######


Dungeon Overview and Level Annotations

Branches:
Dungeon (10/15)            Temple (1/1) D:7
   Lair: D:8-11         Orc: D:9-12

Altars:
Cheibriados
Dithmenos
Elyvilon
Gozag
Hepliaklqana
Kikubaaqudgha
Nemelex Xobeh
Qazlal
Ru
Sif Muna
Trog
Uskayaw
Vehumet
Xom
Yredelemnul
The Shining One

Shops:
D:7 :

Annotations:
D:10 1 runed translucent door, Zutoavo's ghost, journeyman GnFi


Innate Abilities, Weirdness & Mutations

You cannot wear most types of armour.
You are very stealthy in the water. (Stealth+)
You are amphibious.
You can wear up to eight rings at the same time.
You can use your tentacles to constrict eight enemies at once.
Your skin changes colour to match your surroundings (Stealth+).
Your rubbery body absorbs attacks. (AC +1, EV +1)
You are very agile. (Dex +4)
Your mind is acute. (Int +2)


Message History

You easily resist.
The wraith hits you!
You hit the wraith but do no damage. The orc wizard completely misses you.
The wraith misses you.
The orc wizard hits you with a +0 dagger.
You hit the wraith.
The wraith convulses.
The wraith is moderately damaged.
The wraith hits you! The orc wizard casts a spell at you.
The magic dart hits you. You block the wraith's attack.
The orc wizard hits you with a +0 dagger.
You closely miss the wraith.
The wraith is moderately damaged.
The wraith hits you!
* * * LOW HITPOINT WARNING * * *
The orc wizard completely misses you.
You don't have the energy to cast that spell.
You eat one of the 24 rations.
That ration really hit the spot!
You feel yourself speed up. The wraith hits you!
You die...

####### ################
....... #...............
....... #<......########
....... #.[.....# ....o..
#.......# ....... #.......#
.......######.......#
.........)o@........########
..........W.................
.......######..####.......^.
######.........# #.########
#...###...# #.# #..##⌠##..##
#.# ..##...##..###.#
.##..%..##.....########
+...♣!.⌠#.............


You could see a wraith and an orc wizard.

Vanquished Creatures
  Erica (D:9)
  2 two-headed ogres
  Maggie (D:5)
  A kobold demonologist (D:9)
  Sigmund (D:5)
  A spriggan (D:8)
  4 yaks (D:9)
  3 hungry ghosts
  Edmund (D:4)
  Menkaure (D:6)
  7 orc warriors
  2 sky beasts
  A black bear (D:6)
  4 ice beasts
  A necrophage (D:7)
  2 ogres (D:5)
  A phantom (D:4)
  2 centaurs
  13 big kobolds (D:9)
  A bullfrog (D:7)
  A gnoll sergeant (D:8)
  2 water moccasin skeletons
  6 killer bees (D:7)
  4 wights (D:7)
  2 howler monkeys (D:9)
  An electric eel (D:8)
  A centaur zombie (D:7)
  3 crimson imps
  2 bullfrog skeletons
  6 hounds
  A jelly (D:7)
  4 orc priests
  11 orc wizards
  2 iguanas
  3 worker ants
  Natasha (thrice) (D:4)
  A hound skeleton (D:4)
  9 gnolls
  14 adders
  A shadow imp (D:6)
  2 adder skeletons (D:9)
  A dart slug (D:3)
  4 leopard geckos
  48 orcs
  5 bats
  7 giant cockroaches
  7 hobgoblins
  10 jackals
  14 kobolds
  6 quokkas
  3 ball pythons
  7 frilled lizards
  4 goblins
  A quokka zombie (D:7)
  7 rats
253 creatures vanquished.

Notes
Turn   | Place    | Note
-------+----------+-------------------------------------------
     0 | D:1      | Ethylacetat the Octopode Air Elementalist began the quest
                  | for the Orb.
     0 | D:1      | Reached XP level 1. HP: 11/11 MP: 3/3
   436 | D:1      | Reached XP level 2. HP: 17/17 MP: 3/5
   939 | D:2      | Reached XP level 3. HP: 21/21 MP: 4/6
  1135 | D:2      | Reached skill level 4 in Air Magic
  1488 | D:2      | Reached XP level 4. HP: 27/27 MP: 8/8
  1516 | D:2      | Found a hazy altar of Hepliaklqana.
  2405 | D:3      | Reached XP level 5. HP: 19/31 MP: 2/9
  2816 | D:3      | Reached skill level 5 in Air Magic
  2848 | D:3      | Learned a level 4 spell: Airstrike
  3611 | D:4      | Noticed Natasha
  3620 | D:4      | Killed Natasha
  3620 | D:4      | Reached XP level 6. HP: 20/36 MP: 2/11
  3862 | D:4      | Noticed Edmund
  4368 | D:4      | Noticed Natasha
  4378 | D:4      | Killed Natasha
  4391 | D:4      | Noticed Natasha
  4559 | D:4      | Killed Natasha
  4559 | D:4      | Reached skill level 6 in Air Magic
  4683 | D:4      | Killed Edmund
  4683 | D:4      | Reached skill level 1 in Maces & Flails
  4683 | D:4      | Reached skill level 1 in Shields
  4683 | D:4      | Reached XP level 7. HP: 16/41 MP: 9/13
  5166 | D:5      | Entered Level 5 of the Dungeon
  5593 | D:5      | Got a brightly glowing bone ring
  5594 | D:5      | Identified the ring of Xobbimi {Wiz rElec rC+ SInv} (You
                  | found it on level 5 of the Dungeon)
  5603 | D:5      | Learned a level 5 spell: Lightning Bolt
  5623 | D:5      | Noticed Sigmund
  5636 | D:5      | Killed Sigmund
  5725 | D:5      | Reached skill level 7 in Air Magic
  5725 | D:5      | Reached XP level 8. HP: 46/46 MP: 1/14
  6115 | D:5      | Found a white marble altar of Elyvilon.
  6466 | D:5      | Reached skill level 5 in Spellcasting
  6808 | D:6      | Noticed Menkaure
  6810 | D:6      | Noticed Maggie
  6811 | D:6      | Killed Menkaure
  6811 | D:6      | Reached skill level 8 in Air Magic
  6811 | D:6      | Reached XP level 9. HP: 51/51 MP: 7/16
  6926 | D:5      | Reached skill level 10 in Air Magic
  6926 | D:5      | Reached XP level 10. HP: 45/56 MP: 16/20
  6930 | D:5      | Killed Maggie
  6930 | D:5      | Reached skill level 11 in Air Magic
  7730 | D:7      | Found a staircase to the Ecumenical Temple.
  7812 | Temple   | Entered the Ecumenical Temple
  8128 | Temple   | Became a worshipper of Vehumet
  8235 | D:7      | HP: 4/82 [poisoned by a killer bee]
  8237 | D:7      | Gained mutation: You are agile. (Dex +2) [potion of
                  | mutation]
  8237 | D:7      | Gained mutation: You are very agile. (Dex +4) [potion of
                  | mutation]
  8237 | D:7      | Gained mutation: Your mind is acute. (Int +2) [potion of
                  | mutation]
  8667 | D:7      | Found Siw Cing's Book Boutique.
  8916 | D:7      | Reached * piety under Vehumet
  8916 | D:7      | Offered knowledge of Sandblast by Vehumet.
  9470 | D:7      | HP: 2/55 [orc priest/divine providence (12)]
 11538 | D:8      | Noticed a two-headed ogre
 11544 | D:8      | Killed a two-headed ogre
 11544 | D:8      | Reached XP level 11. HP: 61/61 MP: 2/22
 11701 | D:9      | Noticed Erica
 11825 | D:9      | Noticed a two-headed ogre
 11830 | D:9      | Killed a two-headed ogre
 11830 | D:9      | Offered knowledge of Foxfire by Vehumet.
 11946 | D:9      | Reached ** piety under Vehumet
 12079 | D:9      | Reached skill level 12 in Air Magic
 12873 | D:9      | Killed Erica
 12972 | D:10     | Entered Level 10 of the Dungeon
 12977 | D:10     | Offered knowledge of Ignite Poison by Vehumet.
 13074 | D:10     | Noticed Zutoavo's ghost (journeyman GnFi)
 13077 | D:10     | Found a runed translucent door.
 13128 | D:10     | Slain by a wraith

Illustrated notes

Levels and vault maps discovered:
D:1:      dpeg_arrival_three_smaller_balls, layout_basic
D:2:      minmay_alternating_diamond, layout_basic, overflow_temple_1_default,
          minmay_pentomino_s4
D:3:      layout_basic, first_ration
D:4:      layout_gridville, uniq_edmund, uniq_natasha
D:5:      layout_rooms, elyvilon_altar_3, uniq_sigmund
D:6:      layout_rooms, uniq_menkaure, uniq_maggie
D:7:      layout_cave_pods, minmay_temple_entry_offerings, serial_shops,
          nicolae_shop_statue_plus
D:8:      layout_cave_pods, the_bakery, kennysheep_opposing_triangles
D:9:      layout_roguey, special_room [special_room_kobold], uniq_erica
D:10:     layout_small_grid, hellmonk_ghost_happy_afterlife
Temple:   kilobyte_greek_temple

Skill      XL: |  1  2  3  4  5  6  7  8  9 10 11 |
---------------+----------------------------------+-----
Air Magic      | 4 5 6 7 8 10 11 12 | 12.4
Spellcasting   | 3 4 5 7 8 |  8.3
Maces & Flails | 1 2 3 6 7 |  7.9
Shields        | 1 2 3 4 |  4.0
Conjurations   | 3 6 7 |  7.7
Dodging        | |  2.0
Stealth        | |  2.6

Action                   |  1- 3 |  4- 6 |  7- 9 | 10-12 || total
-------------------------+-------+-------+-------+-------++-------
Melee: Unarmed           |    15 |       |       |       ||    15
       Constrict         |    17 |    13 |    14 |    49 ||    93
       Club              |    32 |    28 |       |       ||    60
       Tentacles         |     6 |    11 |    11 |    42 ||    70
       Whip              |       |    33 |    59 |   206 ||   298
       Flail             |       |       |     8 |    28 ||    36
 Cast: Shock             |    35 |    73 |    12 |    33 ||   153
       Airstrike         |       |       |    28 |    73 ||   101
       Lightning Bolt    |       |       |       |    28 ||    28
  Use: Scroll            |     1 |       |     5 |       ||     6
       Potion            |     1 |     1 |     8 |     8 ||    18
 Stab: Distracted        |       |     1 |       |     2 ||     3
       Sleeping          |       |     3 |     1 |     5 ||     9
  Eat: Chunk             |     2 |     9 |     8 |    35 ||    54
       Ration            |       |       |     1 |     1 ||     2
Armor: Skin              |     7 |     3 |     7 |    21 ||    38
Dodge: Dodged            |    57 |    58 |    58 |   100 ||   273
Block: Buckler           |       |       |       |    34 ||    34
